 Dungeon Crawl Stone Soup version 0.26-a0-54-g15ccc7ae60 (webtiles) character file.

Game seed: 3563337514339735732

97 Ozzies the Covered (level 4, -4/60 HPs)
             Began as a Minotaur Fighter on June 7, 2020.
             Was a Follower of Trog.
             Slain by a gnoll
             ... wielding a +0 halberd
              (6 damage)
             ... on level 2 of the Dungeon.
             The game lasted 00:02:57 (1396 turns).

Ozzies the Covered (Minotaur Fighter)               Turns: 1396, Time: 00:02:57

Health: -4/60      AC:  8    Str: 22    XL:     4   Next: 42%
Magic:  3/3        EV:  8    Int:  5    God:    Trog [*.....]
Gold:   159        SH:  9    Dex:  9    Spells: 3/3 levels left

rFire    . . .     SeeInvis .   a - +0 war axe
rCold    . . .     Gourm    .   c - +0 kite shield
rNeg     . . .     Faith    .   b - +0 scale mail
rPois    .         Spirit   .   n - +1 hat
rElec    .         Reflect  .   (no cloak)
rCorr    .         Harm     .   (no gloves)
MR       .....                  (no boots)
Stlth    ..........             (no amulet)
HPRegen  0.20/turn              (no ring)
MPRegen  0.08/turn              (no ring)

@: berserking, very quick
A: retaliatory headbutt, horns 2
a: Berserk, Renounce Religion


You were on level 2 of the Dungeon.
You worshipped Trog.
Trog was aware of your devotion.
You were hungry.

You visited 1 branch of the dungeon, and saw 2 of its levels.

You collected 159 gold pieces.

Inventory:

Hand Weapons
 a - a +0 war axe (weapon)
Armour
 b - a +0 scale mail (worn)
 c - a +0 kite shield (worn)
 n - a +1 hat (worn)
Jewellery
 m - an uncursed amulet of magic regeneration {unknown}
Scrolls
 g - a scroll of amnesia {unknown}
 h - a scroll of noise {unknown}
 i - a scroll of random uselessness {unknown}
 j - 2 scrolls of identify {unknown}
 l - a scroll of magic mapping {unknown}
 p - a scroll of remove curse {unknown}
 r - 2 scrolls of teleportation {unknown}
Potions
 d - a potion of might
 e - a potion of stabbing {unknown}
 k - a potion of haste {unknown}
 o - a potion of brilliance {unknown}
 q - a potion of mutation {unknown}
Comestibles
 f - 3 rations


   Skills:
 + Level 4.2 Fighting
 + Level 3.4 Axes
 + Level 4.9 Armour
 + Level 0.7 Dodging
 + Level 4.0 Shields


You had 3 spell levels left.
You didn't know any spells.
Your spell library was empty.

Dungeon Overview and Level Annotations

Branches:
Dungeon (2/15)

Altars:
Trog


Innate Abilities, Weirdness & Mutations

You reflexively headbutt those who attack you in melee.
You have a pair of horns on your head.


Message History

The gnoll hits you from afar with a +0 spear.
* * * LOW HITPOINT WARNING * * *
You block the gnoll's attack.
You are too injured to fight recklessly!
Your shield and scale mail prevent you from hitting the gnoll.
The gnoll is lightly wounded.
The gnoll closely misses you. The gnoll hits you but does no damage.
The gnoll barely misses you.
You closely miss the gnoll. Your headbutt misses the gnoll.
The gnoll is lightly wounded.
The gnoll hits you with a +0 halberd!
* * * LOW HITPOINT WARNING * * *
The gnoll hits you but does no damage.
You slash the gnoll!
The gnoll is almost dead.
You block the gnoll's attack.
Your shield and scale mail prevent you from hitting the gnoll.
The gnoll is almost dead.
The gnoll barely misses you. The gnoll hits you with a +0 halberd.
You die...

.#..........#.......#
.#..###.....#########
.#..#.....#.#
.#..#.#.#.#.#
.#........รท.######
.####.###........#
......# #.######.#
#########.# #.#
..........# #@#
########### #.gg.....
#########


You could see 2 gnolls.

Vanquished Creatures
  Robin (D:2)
  A gnoll (D:2)
  2 adders (D:2)
  An ooze (D:2)
  A worm (D:2)
  A leopard gecko (D:2)
  14 goblins
  7 hobgoblins
  3 jackals (D:2)
  2 bats
  A frilled lizard (D:1)
  9 kobolds
  4 rats
47 creatures vanquished.

Notes
Turn   | Place    | Note
-------+----------+-------------------------------------------
     0 | D:1      | Ozzies the Minotaur Fighter began the quest for the Orb.
     0 | D:1      | Reached XP level 1. HP: 19/19 MP: 0/0
   123 | D:1      | Reached XP level 2. HP: 25/27 MP: 1/1
   831 | D:2      | Noticed Robin
   835 | D:2      | Reached XP level 3. HP: 31/33 MP: 2/2
   842 | D:2      | Killed Robin
  1150 | D:2      | Reached XP level 4. HP: 40/40 MP: 3/3
  1241 | D:2      | Found a faded altar of an unknown god.
  1249 | D:2      | Became a worshipper of Trog the Wrathful
  1249 | D:2      | Reached * piety under Trog
  1394 | D:2      | HP: 1/60 [gnoll/+0 halberd (11)]
  1396 | D:2      | Slain by a gnoll

Illustrated notes

Levels and vault maps discovered:
D:1:      nicolae_arrival_washed_ashore, layout_basic
D:2:      layout_loops_ring, chequers_ecumenical_altar_simple_redux,
          minmay_tetromino_s4, uniq_robin

Skill      XL: |  1  2  3 |
---------------+----------+-----
Fighting       | 4 |  4.2
Armour         | 4 |  4.9
Axes           | 3 |  3.4
Shields        | 4 |  4.0
Dodging        | |  0.7

Action                   |  1- 3 |  4- 6 || total
-------------------------+-------+-------++-------
Melee: War axe           |    66 |    23 ||    89
       Headbutt          |    11 |     4 ||    15
Invok: Berserk           |       |     1 ||     1
  Eat: Chunk             |     1 |     1 ||     2
Armor: Scale mail        |    34 |     8 ||    42
Dodge: Dodged            |    17 |     8 ||    25
Block: Kite shield       |    39 |    13 ||    52

Table legend:
 A = Non-vault XP
 B = Vault XP
 C = Vault XP percentage of total XP
 D = Non-vault monster count
 E = Vault monster count
 F = Vault count percentage of total count
                 A         B        C        D         E       F
            +---------+---------+-------+---------+---------+-------
      Total |      95 |      44 |  31.7 |      34 |      13 |  27.7
            +---------+---------+-------+---------+---------+-------
        D:1 |      29 |       0 |   0.0 |      19 |       0 |   0.0
        D:2 |      66 |      44 |  40.0 |      15 |      13 |  46.4
            +---------+---------+-------+---------+---------+-------
